 Dungeon Sprint DCSS version 0.26-b1-32-g5d43845318 (webtiles) character file.

Game seed: 2345994869113493113

1700000 scsoc the Conqueror (level 16, -12/183 HPs)
             Began as a Hill Orc Fighter on Jan 6, 2021.
             Mangled by a meat berserker
             ... wielding a +9 battleaxe
              (33 damage)
             ... in the Dungeon (Sprint VIII: "Arena of Blood").
             The game lasted 00:01:29 (17 turns).

scsoc the Conqueror (Hill Orc Fighter)                Turns: 17, Time: 00:01:29

Health: -12/183    AC: 13    Str: 26    XL:     16   Next: 44%
Magic:  16/16      EV: 10    Int:  8    God:
Gold:   0          SH:  0    Dex: 10    Spells: 15/15 levels left

rFire    . . .     SeeInvis .   k - +∞ Axe of Woe
rCold    . . .     Faith    .   (shield currently unavailable)
rNeg     . . .     Spirit   .   b - +0 scale mail
rPois    .         Reflect  .   (no helmet)
rElec    .         Harm     .   (no cloak)
rCorr    .         Rampage  .   (no gloves)
Will     +....     NoTele   +   (no boots)
Stlth    ..........             (no amulet)
HPRegen  0.40/turn              l - +30 ring of slaying
MPRegen  0.15/turn              (no ring)

@: no status effects
A: no striking features
a: no special abilities


You were in the Dungeon.
You visited 1 branch

Inventory:

Hand Weapons
 a - a +0 war axe
 k - the +∞ Axe of Woe (weapon)
   (You found it in the Dungeon)
Armour
 b - a +0 scale mail (worn)
 c - a +0 kite shield
Jewellery
 l - a +30 ring of slaying (left hand)
Scrolls
 j - a scroll of blinking
Potions
 d - a potion of might
 e - a potion of curing
 f - a potion of heal wounds
 g - a potion of haste
 h - 2 potions of magic
 i - a potion of berserk rage


   Skills:
 O Level 27 Fighting
 + Level 22.1 Axes
 + Level 26.6 Armour
 + Level 25.9 Shields


You had 15 spell levels left.
You didn't know any spells.
Your spell library was empty.

Dungeon Overview and Level Annotations

Branches:
Dungeon (1/1)

Altars:
Makhleb


Message History

You have mastered Fighting!
Your Axes skill gained 3 levels and is now at level 22!
Your Armour skill gained 2 levels and is now at level 26!
Your Shields skill gained 2 levels and is now at level 25!
You have reached level 16!
You hear a shout!
A meat berserker comes into view. It is wielding a +9 battleaxe.
A large bag of meat comes into view. It is wielding a +9 giant spiked club.
You hear a shout!
A bag of meat comes into view. It is wielding a +9 war axe.
You hear a shout! x2
A bag of meat comes into view. It is wielding a +9 war axe.
You hear a shout!
Things that are here:
a +9 battleaxe; a +30 ring of slaying; a meat berserker corpse A meat berserker comes into view.
It is wielding a +9 battleaxe.
The bag of meat shouts!
The meat berserker shouts!
You hear a shout! x11
A bag of meat comes into view. It is wielding a +9 war axe.
The meat berserker hits you with a +9 battleaxe!!
You die...

#.. ..# ....###...
..###.
..........###......
..#........_O....
#.......#.....#
........#_.o._#
#.......#)O...#...
..#.......Oo......
.......@O)###......
.....###.o..o..###.


oO.. #.o..o..# . #..oOoo.# ..o.oo.... ......o.... ......oO... ......o....# You
could see a large bag of meat (inner flame), 6 meat berserkers and 16 bags of
meat.

Vanquished Creatures
  3 ogres (D)
  2 orcs (D)
5 creatures vanquished.

Notes
Turn   | Place    | Note
-------+----------+-------------------------------------------
     0 | D        | Found the +∞ Axe of Woe
     0 | D        | scsoc the Hill Orc Fighter began the quest for the Orb.
     0 | D        | Reached XP level 1. HP: 19/19 MP: 1/1
     1 | D        | Noticed a bag of meat
     4 | D        | Noticed a bag of meat
     5 | D        | Noticed a bag of meat
     7 | D        | Noticed a meat berserker
     8 | D        | Killed a bag of meat
     9 | D        | Reached skill level 18 in Fighting
     9 | D        | Reached XP level 2. HP: 53/53 MP: 2/2
     9 | D        | Reached XP level 3. HP: 60/60 MP: 3/3
     9 | D        | Reached XP level 4. HP: 69/69 MP: 4/4
     9 | D        | Reached XP level 5. HP: 75/75 MP: 5/5
     9 | D        | Reached XP level 6. HP: 83/83 MP: 6/6
     9 | D        | Reached XP level 7. HP: 91/91 MP: 7/7
     9 | D        | Reached XP level 8. HP: 99/99 MP: 8/8
     9 | D        | Reached XP level 9. HP: 105/105 MP: 9/9
     9 | D        | Reached XP level 10. HP: 114/114 MP: 10/10
     9 | D        | Reached XP level 11. HP: 121/121 MP: 11/11
     9 | D        | Reached XP level 12. HP: 128/128 MP: 12/12
     9 | D        | Killed a bag of meat
     9 | D        | Noticed a meat berserker
    10 | D        | Reached skill level 21 in Fighting
    10 | D        | Reached XP level 13. HP: 143/143 MP: 13/13
    11 | D        | Noticed a bag of meat
    11 | D        | Killed a meat berserker
    11 | D        | Killed a meat berserker
    11 | D        | Noticed a meat berserker
    11 | D        | Noticed a meat berserker
    12 | D        | Reached skill level 26 in Fighting
    12 | D        | Reached XP level 14. HP: 40/166 MP: 14/14
    12 | D        | Reached XP level 15. HP: 42/173 MP: 15/15
    12 | D        | Noticed a meat berserker
    13 | D        | Noticed a meat berserker
    13 | D        | Noticed a meat berserker
    15 | D        | Killed a meat berserker
    16 | D        | Reached skill level 27 in Fighting
    16 | D        | Reached XP level 16. HP: 20/183 MP: 16/16
    16 | D        | Noticed a meat berserker
    16 | D        | Noticed a large bag of meat
    17 | D        | Noticed a meat berserker
    17 | D        | Mangled by a meat berserker

Illustrated notes

Levels and vault maps discovered:
D:        meatsprint

Skill      XL: |  1  2  3  4  5  6  7  8  9 10 11 12 13 14 15 |
---------------+----------------------------------------------+-----
Fighting       | 18 21 26 27 | 27.0
Axes           | 12 14 19 22 | 22.1
Armour         | 17 19 24 26 | 26.6
Shields        | 16 18 23 25 | 25.9

Action                   |  1- 3 |  4- 6 |  7- 9 | 10-12 | 13-15 | 16-18 || total
-------------------------+-------+-------+-------+-------+-------+-------++-------
Melee: Executioner's axe |     1 |       |       |     1 |     2 |       ||     4
Armor: Scale mail        |       |       |       |       |     1 |       ||     1
